[Event "*** Titled Tuesday 3|2 Blitz"]
[Site "Chess.com"]
[Date "2015.12.01"]
[Round "4"]
[White "alexsuper1987"]
[Black "Colombiano07"]
[Result "0-1"]
[WhiteElo "2201"]
[BlackElo "2108"]
[TimeControl "180+2"]
[EndTime "11:52:01 PST"]
[Termination "Colombiano07 won by resignation"]

1. e4 g6 2. d4 Bg7 3. Nc3 c5 4. Nf3 cxd4 5. Nxd4 Nc6 6. Be3 Nf6 7. f3 O-O 8. Bc4 Qb6 9. a3 e6 10. O-O Nxe4 11. Nf5 Qxb2 12. Nxe4 gxf5 13. Rb1 Qxa3 14. Bc5 Qa5 15. Bxf8 Kxf8 16. Qd6+ Kg8 17. Ng5 Qc3 18. Bd3 Qd4+ 19. Qxd4 Bxd4+ 20. Kh1 a5 21. g4 fxg4 22. fxg4 f6 23. Nxh7 Kg7 24. g5 f5 25. Nf6 a4 26.
Ne8+ Kf8 27. Nc7 Ra5 28. Nb5 Bg7 29. Na3 Ne5 30. h4 Nxd3 31. cxd3 Bd4 32. h5 Kg7 33. Kg2 b6 34. Nc4 Bb7+ 35. Kg3 Bd5 36. Nxa5 bxa5 37. Rb5 a3 38. Rxa5 a2 39. Kf4 Kf7 40. h6 Kg6 41. Re1 Bc3 42. Rxa2 Bxa2 43. Re2 Bd5 44. Rh2 e5+ 45.
Ke3 Bd4+ 46. Kd2 Bg8 47. Rh1 Bh7 48. Rc1 Kxg5 49. Rc7 Kxh6 50. Rxd7 Bg6 51. Rd6 Kg5 52. Ke2 Bh5+ 53. Kf1 Kf4 54. Rh6 Bd1 55. Rh4+ Ke3 56. Rh3+ Kd2 57. Rg3 Be2+ 58. Kg2 Bxd3 59. Rg5 f4 60. Kf3 Be2+ 61. Ke4 f3 62. Rg8 f2 63. Rf8 f1=Q 64. Rxf1 Bxf1 0-1

[Event "*** Titled Tuesday 3|2 Blitz"]
[Site "Chess.com"]
[Date "2015.12.01"]
[Round "4"]
[White "GianmarcoVaR"]
[Black "tigra"]
[Result "0-1"]
[WhiteElo "2064"]
[BlackElo "2071"]
[TimeControl "180+2"]
[EndTime "11:52:31 PST"]
[Termination "tigra won on time"]

1. d3 e5 2. g3 d5 3. Bg2 Nc6 4. Nf3 Nf6 5. O-O Be7 6. c4 dxc4 7. dxc4 Qxd1 8. Rxd1 Be6 9. b3 h6 10. Bb2 e4 11.
Ne5 Nxe5 12. Bxe5 e3 13. f4 c6 14. Nc3 O-O 15. Bf3 Rfe8 16. Kg2 g5 17. h3 Nd7 18. Bd6 Bxd6 19. Rxd6 gxf4 20. gxf4 Kf8 21.
Ne4 Ke7 22. Rad1 Rg8+ 23. Kh2 a5 24. R6d3 f5 25. Ng3 Rgf8 26. Rxe3 Nc5 27. Re5 Nd7 28. Re3 Nc5 29. Rc3 Rfd8 30. Rcc1 Na6 31. e4 fxe4 32. Bxe4 Nb4 33. Bb1 Kf8 34. f5 Bf7 35. Ne4 Bh5 36. Rg1 Rd4 37. f6 Re8 38. Rce1 Re6 39.
Nc5 Rd2+ 40. Kg3 Rxf6 41. Ne4 Rf3+ 42. Kh4 Rh2 43. Rg3 Rxg3 44. Nxg3 Bf7 45. Rf1 Ke8 46. Nf5 Be6 47. Ng7+ Kd7 48. Rd1+ Ke7 49. Bf5 Bf7 50. Nh5 Nxa2 51. Rd7+ Kf8 52. Rd8+ Ke7 53. Rd7+ Ke8 54. Nf6+ Kf8 55. Rxb7 Rf2 56. Nd7+ Kg8 57.
Be4 Nb4 58. Kg3 Re2 59. Bf3 Re3 60. Kf4 Rxb3 61. Ne5 Nd3+ 62. Nxd3 Rxb7 63. Ne5 a4 64. Bxc6 a3 65. Bxb7 a2 66. Nxf7 Kxf7 67. Bd5+ Ke7 68. Kg4 a1=Q 69. Kf4 Qd4+ 70. Kg3 Kf6 71. Kh2 Kg5 0-1

[Event "*** Titled Tuesday 3|2 Blitz"]
[Site "Chess.com"]
[Date "2015.12.01"]
[Round "4"]
[White "chessmaxusa"]
[Black "LADIESGET2KNOWME"]
[Result "1-0"]
[WhiteElo "2321"]
[BlackElo "2228"]
[TimeControl "180+2"]
[EndTime "11:52:36 PST"]
[Termination "chessmaxusa won by resignation"]

1. d4 Nf6 2. Nf3 g6 3. Bf4 Bg7 4. e3 O-O 5. h3 d6 6. Be2 b6 7. O-O Bb7 8. c3 Nbd7 9. Nbd2 Ne4 10. a4 a6 11. Bh2 c5 12. Re1 Qc7 13. Bf1 Nxd2 14.
Qxd2 Nf6 15. Red1 Bc6 16. Ne1 Qb7 17. Nc2 Ne4 18. Qe2 Nf6 19. Qc4 b5 20. axb5 axb5 21.
Qb3 c4 22. Bxc4 bxc4 23. Qxb7 Bxb7 24. Na3 Ba6 25. f3 Rab8 26. Rd2 Nd5 27. Kf2 f5 28.
Re2 e5 29. dxe5 Bxe5 30. Bg1 f4 31. e4 Ne3 32. Ke1 Rb3 33. Nb1 Bc8 34. Ra2 Be6 35. Bxe3 fxe3 36. Rxe3 Rfb8 37. Re2 Bf4 38. Kd1 Kf7 39.
Kc2 d5 40. Na3 dxe4 41. fxe4 Ke7 42. Rf2 Be5 43. Nb1 R3b7 44. Nd2 h5 45. Nf3 Bf6 46. Re2 h4 47. Kc1 Rb5 48. Ra4 g5 49. e5 Bg7 50.
Nd4 R5b6 51. Nf3 g4 52. hxg4 Bxg4 53. Rxc4 Bh6+ 54. Kd1 Bxf3 55. gxf3 Rxb2 56. Rxb2 Rxb2 57. Rxh4 Bg5 58. Rg4 Be3 59. Re4 Bc5 60. Rc4 Be3 61.
Re4 Bb6 62. Re2 Rb5 63. Kc2 Ke6 64. f4 Rd5 65. Re4 Bc5 66. Kb3 Kf5 67. Re2 Kxf4 68.
Kc4 Rxe5 69. Rxe5 Kxe5 70. Kxc5 Ke6 71. Kc6 Ke7 72. Kc7 Ke6 73. c4 Ke7 74. c5 Ke8 75.
c6 Ke7 76. Kb8 1-0

[Event "*** Titled Tuesday 3|2 Blitz"]
[Site "Chess.com"]
[Date "2015.12.01"]
[Round "4"]
[White "BellJackson95"]
[Black "Thomaslegend"]
[Result "1-0"]
[WhiteElo "2153"]
[BlackElo "2129"]
[TimeControl "180+2"]
[EndTime "11:52:42 PST"]
[Termination "BellJackson95 won by resignation"]

1. e4 e5 2. f4 exf4 3. Nf3 d5 4. exd5 Nf6 5. d4 Bd6 6. Bb5+ Bd7 7. Bc4 Qe7+ 8. Qe2 Qxe2+ 9. Kxe2 O-O 10. Re1 Re8+ 11. Kf1 Rxe1+ 12. Kxe1 Bf5 13. Bb3 Nbd7 14. c4 Re8+ 15.
Kf1 c5 16. Nc3 a6 17. Bd2 Bd3+ 18. Kg1 Nb6 19. dxc5 Bxc5+ 20. Kh1 Bxc4 21. Bxc4 Nxc4 22. Bxf4 Ng4 23. h3 Nf2+ 24. Kh2 Nd3 25. Na4 Nxf4 26. Nxc5 Re2 27. Ne1 Nd6 28. b4 g5 29. Ncd3 Nxd3 30. Nxd3 Rd2 31. Nc5 Rxd5 32. Re1 Rd2 33. a3 Ra2 34. Re3 Nf5 35. Re5 Rf2 36. Ne4 Rf1 37. Nxg5 Kg7 38. Nf3 Kf6 39. Rc5 Ra1 40. Rc7 Rxa3 41.
Rxb7 Ra2 42. Rb6+ Kg7 43. h4 Ne3 44. Kh3 Nxg2 45. Ng5 Nf4+ 46. Kg4 Ne6 47. Rb7 Nxg5 48. Kxg5 Ra4 49. h5 Ra1 50. h6+ Kf8 51. Rb8+ Ke7 52.
Rh8 Rg1+ 53. Kf5 Rf1+ 54. Ke5 f6+ 55. Kd5 Rd1+ 56. Kc5 Rh1 57. Rxh7+ Ke6 58. Kb6 Rh4 59. Ka5 Kf5 60. Rh8 Kg6 61. h7 Kg7 62. Ra8 Kxh7 63. Rxa6 f5 64. Re6 f4 65. b5 f3 66. Rf6 Rh3 67.
b6 f2 68. Rxf2 Ra3+ 69. Kb5 Rb3+ 70. Ka6 Kg6 71. b7 Ra3+ 72. Kb6 Rb3+ 73. Kc7 Rc3+ 74. Kb8 Rb3 75. Rf4 Kg5 76. Rc4 Kf5 77. Kc7 Ke5 78.
b8=Q Rxb8 79. Kxb8 1-0

[Event "*** Titled Tuesday 3|2 Blitz"]
[Site "Chess.com"]
[Date "2015.12.01"]
[Round "4"]
[White "MateusViageiro"]
[Black "oggy1984"]
[Result "0-1"]
[WhiteElo "2280"]
[BlackElo "2218"]
[TimeControl "180+2"]
[EndTime "11:54:43 PST"]
[Termination "oggy1984 won on time"]

1. e4 c5 2. Nf3 e6 3. d4 cxd4 4.
Nxd4 Nf6 5. Bd3 d6 6. O-O a6 7.
a4 Be7 8. Kh1 b6 9. f4 Bb7 10. Qe2 Nbd7 11. Nc3 Qc7 12. Nf3 O-O 13. Be3 Nc5 14. Bd4 Nxd3 15. cxd3 d5 16. Rac1 Qd8 17. Rfd1 Re8 18. Qf2 Nd7 19. Ne5 Nxe5 20. fxe5 Bh4 21. g3 Bg5 22. Rb1 dxe4 23. dxe4 b5 24. h4 Be7 25. axb5 axb5 26. b4 Ra3 27. Kh2 Qa8 28. Nxb5 Ra2 29. Rb2 Rxb2 30. Qxb2 Qa4 31. Nc3 Qxb4 32. Qxb4 Bxb4 33. Rb1 Bxc3 34. Bxc3 Bxe4 35.
Rb4 Bd5 36. Bd4 h5 37. Bc5 Ra8 38. Rb2 Ra1 39. Bg1 Re1 40. Rc2 Rxe5 41. Bd4 Re1 42. Bg1 Kh7 43. Rf2 Kg6 44. Rd2 f6 45. Rb2 Kf5 46.
Rf2+ Kg6 47. Rc2 Ra1 48. Rf2 Ra2 49. Rxa2 Bxa2 50. Be3 Kf5 51. Kg1 Kg4 52. Kf2 Bd5 53.
Bc5 g5 54. hxg5 Kxg5 55. Be7 Kf5 56. Ke3 e5 57. Bd8 Ba2 58. Be7 Bb1 59. Bd8 Ke6 60.
Ba5 Bc2 61. Be1 Kf5 62. Kf3 Be4+ 63. Ke3 Bc6 64. Bf2 Kg4 65. Be1 Kh3 66. Kf2 h4 67. gxh4 Kxh4 68. Ke3+ Kg4 69. Bc3 Kf5 70. Bb2 Ke6 71. Bc3 f5 72. Be1 f4+ 73. Kf2 Kf5 74. Bd2 Ke4 75. Bc1 Kf5 76. Bd2 Ke6 77. Bc1 Bb7 78.
Bd2 Kd5 79. Bc1 Ke4 80. Bd2 Kd3 81. Bc1 Kc2 82. Ba3 e4 83. Bd6 e3+ 84. Ke2 Ba6+ 85.
Ke1 f3 86. Bg3 Kd3 87. Bh4 Ke4 88. Bg3 Kf5 0-1

[Event "*** Titled Tuesday 3|2 Blitz"]
[Site "Chess.com"]
[Date "2015.12.01"]
[Round "5"]
[White "Fandorine"]
[Black "Er_is_geen_hoop_meer"]
[Result "1-0"]
[WhiteElo "2569"]
[BlackElo "2351"]
[TimeControl "180+2"]
[EndTime "11:56:43 PST"]
[Termination "Fandorine won by checkmate"]

1. e4 c5 2. b3 b6 3. Bb2 Bb7 4. Nc3 Nc6 5. f4 e6 6. Nf3 Nd4 7. Bd3 Nf6 8. O-O Nxf3+ 9. Qxf3 d5 10. Bb5+ Ke7 11. exd5 Nxd5 12. f5 Nxc3 13. Qxb7+ Kd6 14. dxc3 Ke5 15. c4+ Kd6 16. Rad1# 1-0

[Event "*** Titled Tuesday 3|2 Blitz"]
[Site "Chess.com"]
[Date "2015.12.01"]
[Round "5"]
[White "alturas_pacificas"]
[Black "THORK"]
[Result "0-1"]
[WhiteElo "2107"]
[BlackElo "2199"]
[TimeControl "180+2"]
[EndTime "11:57:07 PST"]
[Termination "THORK won by resignation"]

1. d4 f5 2. Bf4 Nf6 3. e3 e6 4. h3 d6 5. g4 Be7 6. gxf5 O-O 7. Bd3 Nd5 8. Bg3 exf5 9. Qf3 c6 10. c4 Nb4 11. Qe2 Nxd3+ 12. Qxd3 Na6 13. a3 Nc7 14. Nc3 Ne6 15. Nge2 Bg5 16. O-O-O f4 17. Nxf4 Nxf4 18. exf4 Bxf4+ 19. Kb1 Bf5 20. Ne4 d5 21. cxd5 cxd5 22. Qb5 Bxe4+ 23. Ka1 Bxg3 24. fxg3 Bxh1 0-1

[Event "*** Titled Tuesday 3|2 Blitz"]
[Site "Chess.com"]
[Date "2015.12.01"]
[Round "5"]
[White "VMikhalevski"]
[Black "Hikaru"]
[Result "0-1"]
[WhiteElo "2497"]
[BlackElo "2918"]
[TimeControl "180+2"]
[EndTime "11:58:05 PST"]
[Termination "Hikaru won by resignation"]

1. Nf3 g6 2. d4 Bg7 3. c4 f5 4. g3 Nf6 5. Bg2 d6 6. O-O O-O 7. Nc3 c6 8. b3 Qa5 9. Bb2 e5 10. dxe5 dxe5 11. e4 Na6 12. exf5 Bxf5 13. Qe2 Rfe8 14. Rad1 e4 15. Nd2 Bg4 16. Qe3 Bxd1 17.
Rxd1 Ng4 18. Qe2 e3 19. Qxg4 exd2 20. Qf3 Re1+ 21. Bf1 Rf8 22. Qg4 Bxc3 0-1

[Event "*** Titled Tuesday 3|2 Blitz"]
[Site "Chess.com"]
[Date "2015.12.01"]
[Round "5"]
[White "Svetlin_Mladenov"]
[Black "ilmago"]
[Result "1-0"]
[WhiteElo "2320"]
[BlackElo "1910"]
[TimeControl "180+2"]
[EndTime "11:58:09 PST"]
[Termination "Svetlin_Mladenov won by resignation"]

1. e4 c5 2. Nf3 d6 3. d4 cxd4 4. Nxd4 Nf6 5. Nc3 a6 6. h3 e6 7. g4 Nc6 8. Bg2 Be7 9. Be3 O-O 10. Qe2 Qc7 11. O-O-O Re8 12. g5 Nd7 13. h4 Nce5 14.
h5 Nc4 15. g6 Nxe3 16. Qxe3 fxg6 17. Nxe6 Qa5 18. hxg6 h6 19. Rxh6 Bg5 20. Nxg5 gxh6 21. Nf7 Ne5 22. Qxh6 Nxf7 23. Qh7+ 1-0

[Event "*** Titled Tuesday 3|2 Blitz"]
[Site "Chess.com"]
[Date "2015.12.01"]
[Round "5"]
[White "tigra"]
[Black "MITerryble"]
[Result "0-1"]
[WhiteElo "2057"]
[BlackElo "2601"]
[TimeControl "180+2"]
[EndTime "11:58:15 PST"]
[Termination "MITerryble won by resignation"]

1. e4 e6 2. d4 d5 3. Nc3 Nf6 4. Bg5 Bb4 5. e5 h6 6. Bc1 Ne4 7. Qg4 g6 8. a3 Bxc3+ 9. bxc3 c5 10. Bd3 Nxc3 11. dxc5 Qa5 12. Nf3 Ne4+ 13. Ke2 Qxc5 14.
Be3 Qc7 15. c4 Nc6 16. Rac1 Qa5 17. cxd5 exd5 18. Qf4 g5 19. Bd2 gxf4 20. Bxa5 Nxa5 21. Rc7 Nc6 22. Bb5 Nc3+ 0-1

[Event "*** Titled Tuesday 3|2 Blitz"]
[Site "Chess.com"]
[Date "2015.12.01"]
[Round "5"]
[White "AdrianaNikolova"]
[Black "Makalexa"]
[Result "0-1"]
[WhiteElo "2226"]
[BlackElo "2067"]
[TimeControl "180+2"]
[EndTime "11:58:59 PST"]
[Termination "Makalexa won by resignation"]

1. e4 e5 2. Nf3 Nc6 3. Nc3 Nf6 4. d4 Bb4 5. Nxe5 Bxc3+ 6. bxc3 Qe7 7. Nxc6 Qxe4+ 8. Qe2 dxc6 9. Ba3 Bf5 10. O-O-O O-O-O 11. Be7 Rde8 12. Bxf6 Qxe2 13. Bxe2 Rxe2 14. Bxg7 Rg8 15.
Be5 Rxc2+ 16. Kb1 Rxf2+ 17. Ka1 Rgxg2 0-1

[Event "*** Titled Tuesday 3|2 Blitz"]
[Site "Chess.com"]
[Date "2015.12.01"]
[Round "5"]
[White "Iball95"]
[Black "AleksandrNevski"]
[Result "1-0"]
[WhiteElo "2427"]
[BlackElo "2347"]
[TimeControl "180+2"]
[EndTime "11:59:17 PST"]
[Termination "Iball95 won by resignation"]

1. e4 e5 2. Nf3 Nc6 3. Nc3 Nf6 4. d4 exd4 5. Nxd4 Bb4 6. Nxc6 bxc6 7. Bd3 O-O 8. O-O Re8 9. Bg5 h6 10. Bh4 g5 11. Bg3 Bxc3 12. bxc3 Nxe4 13. Qh5 Kg7 14.
f4 Nf6 15. Qf3 g4 16. Qf2 d6 17. Bh4 c5 18. Rae1 Bd7 19. f5 Re7 20. Bxf6+ 1-0

[Event "*** Titled Tuesday 3|2 Blitz"]
[Site "Chess.com"]
[Date "2015.12.01"]
[Round "5"]
[White "kikydu96"]
[Black "Frolyanov_D"]
[Result "0-1"]
[WhiteElo "2256"]
[BlackElo "2453"]
[TimeControl "180+2"]
[EndTime "11:59:37 PST"]
[Termination "Frolyanov_D won by resignation"]

1. e4 c5 2. c3 Nf6 3. e5 Nd5 4. d4 e6 5. Nf3 cxd4 6. cxd4 d6 7.
Bc4 Nc6 8. O-O Be7 9. Qe2 O-O 10. Qe4 Qa5 11. Bd2 Qb6 12. Bd3 f5 13. exf6 Nxf6 14.
Qh4 Bd7 15. Bg5 h6 16. Bxh6 gxh6 17. Qxh6 Rf7 18. Nh4 Qxd4 19. Rd1 Qg4 20. f3 Qg7 21. Qd2 Ne5 22. Bc2 Nd5 23. Nc3 Bxh4 24. Nxd5 Nxf3+ 0-1

[Event "*** Titled Tuesday 3|2 Blitz"]
[Site "Chess.com"]
[Date "2015.12.01"]
[Round "5"]
[White "Konavets"]
[Black "Gabrielian_Artur"]
[Result "0-1"]
[WhiteElo "2532"]
[BlackElo "2587"]
[TimeControl "180+2"]
[EndTime "11:59:56 PST"]
[Termination "Gabrielian_Artur won by resignation"]

1. e4 c5 2. Nf3 e6 3. d4 cxd4 4. Bg5 Qb6 5. Qxd4 Qxd4 6. Nxd4 a6 7. Nc3 f6 8. Bh4 Nc6 9. O-O-O Nxd4 10. Rxd4 Ne7 11.
f4 Nc6 12. Rd1 b5 13. Bd3 Bb7 14. Rhe1 Rc8 15. Nd5 Bc5 16. Ne3 Nb4 17. Kb1 Nxd3 18. cxd3 Bb6 19. Bf2 Kf7 20. Rc1 h5 21. Re2 Rxc1+ 22.
Kxc1 h4 23. Ng4 Bc7 24. h3 Bxf4+ 25. Be3 Bg3 26. Kd1 d5 27. Nf2 Rd8 28. Kc2 e5 29. Bc5 Rc8 30. b4 Bxf2 31. Rxf2 dxe4 32. a3 Ke6 33.
Rd2 exd3+ 34. Kc3 e4 35. Kd4 f5 36. Ke3 g5 0-1

[Event "*** Titled Tuesday 3|2 Blitz"]
[Site "Chess.com"]
[Date "2015.12.01"]
[Round "5"]
[White "Rickstereo"]
[Black "Keranke"]
[Result "0-1"]
[WhiteElo "2222"]
[BlackElo "2596"]
[TimeControl "180+2"]
[EndTime "12:00:01 PST"]
[Termination "Keranke won by resignation"]

1. c4 g6 2. Nc3 Bg7 3. d4 d6 4. e4 Nf6 5. Nf3 O-O 6. Be2 Bg4 7. h3 Bxf3 8. Bxf3 Nfd7 9. O-O Nc6 10. Be3 e5 11. dxe5 dxe5 12. Bg4 Nd4 13. Bxd7 Qxd7 14. Qd2 Rad8 15. Rad1 Qe6 16. Nd5 c6 17. Bxd4 exd4 18.
Nf4 Qxc4 19. b3 Qb5 20. Nd3 Rfe8 21. Rfe1 c5 22. Rc1 b6 23. f4 Qc6 24. Nb4 Qb7 25.
Nd5 f5 0-1

[Event "*** Titled Tuesday 3|2 Blitz"]
[Site "Chess.com"]
[Date "2015.12.01"]
[Round "5"]
[White "Zvonokchess"]
[Black "dretch"]
[Result "1-0"]
[WhiteElo "2548"]
[BlackElo "2418"]
[TimeControl "180+2"]
[EndTime "12:00:05 PST"]
[Termination "Zvonokchess won by checkmate"]

1. Nf3 d5 2. g3 Bg4 3. Bg2 Nd7 4. c4 e6 5. Qb3 Nc5 6. Qe3 Nf6 7. d4 Nce4 8. Ne5 Bb4+ 9. Nc3 O-O 10. f3 dxc4 11. fxe4 Rc8 12. O-O c5 13. d5 exd5 14. Nxd5 Nxd5 15.
exd5 Bh5 16. g4 Bg6 17. Nxg6 hxg6 18. Qf3 Qa5 19. Bg5 Rc7 20. d6 Rd7 21. Be7 c3 22. bxc3 Bxc3 23. Rad1 Qxa2 24. Qxc3 Re8 25. Bd5 Qxe2 26.
Bxf7+ Kh7 27. Qh3# 1-0

[Event "*** Titled Tuesday 3|2 Blitz"]
[Site "Chess.com"]
[Date "2015.12.01"]
[Round "5"]
[White "Krutoy123"]
[Black "ruifeng"]
[Result "1-0"]
[WhiteElo "2341"]
[BlackElo "2174"]
[TimeControl "180+2"]
[EndTime "12:00:24 PST"]
[Termination "Krutoy123 won by resignation"]

1. e4 d5 2. exd5 Nf6 3. Nf3 Bg4 4. d4 Qxd5 5. Be2 Nc6 6. h3 Qh5 7. O-O e6 8. hxg4 Nxg4 9. Bf4 Bd6 10. Ne5 f5 11. Nxg4 fxg4 12. Bxg4 Qg6 13. Bxd6 cxd6 14. Bxe6 Kd8 15. Nc3 Qxe6 16. d5 Qg6 17. dxc6 bxc6 18. Qd3 Qxd3 19. cxd3 Rb8 20. b3 Rf8 21. Rac1 Kd7 22.
Ne4 h6 23. f3 Rb5 24. Kf2 Re5 25. Ke3 Ree8 26. Kd2 Re5 27. d4 Ref5 28. Rc2 Rd5 29. Ke3 Re8 30. Rfc1 c5 31. dxc5 dxc5 32. Rxc5 Rxc5 33.
Rxc5 Re6 34. Ra5 a6 35. Rxa6 Re5 36. Ra7+ Kc6 37. Rxg7 h5 38. Rg6+ Kb7 39. Rg5 Re8 40. Kd4 Rh8 41. Rg7+ Kb6 42. Rg6+ Kb5 43. a3 h4 44.
Nc3+ 1-0

[Event "*** Titled Tuesday 3|2 Blitz"]
[Site "Chess.com"]
[Date "2015.12.01"]
[Round "5"]
[White "ArnaudovP"]
[Black "BakaPG"]
[Result "0-1"]
[WhiteElo "2322"]
[BlackElo "2482"]
[TimeControl "180+2"]
[EndTime "12:01:06 PST"]
[Termination "BakaPG won by resignation"]

1. d4 c5 2. d5 e5 3. c4 d6 4. Nc3 Be7 5. e4 Bg5 6. Nf3 Bxc1 7. Rxc1 Ne7 8. Be2 O-O 9. O-O Ng6 10. Re1 a6 11. g3 Nd7 12. Nd2 Nf6 13. Nf1 Bd7 14.
a3 b5 15. b4 cxb4 16. axb4 bxc4 17. Bxc4 Qb6 18. Qb3 Rfb8 19. Rb1 h5 20. Ne3 h4 21. Bf1 hxg3 22. hxg3 Bb5 23. Bxb5 axb5 24. Ra1 Ne7 25. Qb2 g6 26. Qe2 Rxa1 27. Rxa1 Qd4 28. Nxb5 Qxa1+ 29. Kg2 Qa6 0-1

[Event "*** Titled Tuesday 3|2 Blitz"]
[Site "Chess.com"]
[Date "2015.12.01"]
[Round "5"]
[White "chessbia"]
[Black "MateusViageiro"]
[Result "1-0"]
[WhiteElo "2135"]
[BlackElo "2267"]
[TimeControl "180+2"]
[EndTime "12:01:06 PST"]
[Termination "chessbia won by checkmate"]

1. d4 Nf6 2. c4 e6 3. Nc3 Bb4 4.
Qc2 O-O 5. Nf3 b6 6. e4 d5 7. e5 Ne4 8. cxd5 exd5 9. Bd3 f5 10. exf6 Nxf6 11. O-O Bd6 12. Ng5 h6 13. Nh7 Nxh7 14. Bxh7+ Kh8 15. Nxd5 Qh4 16. g3 Qxd4 17. Nf4 Bxf4 18.
Bxf4 Bb7 19. Rad1 Qf6 20. Be4 Bxe4 21. Qxe4 Na6 22. Rd7 Nc5 23. Qe7 Nxd7 24. Qxd7 c5 25. Re1 Rfd8 26. Qb7 Re8 27. Rd1 Qxb2 28. Rd7 Qb1+ 29.
Kg2 Qe4+ 30. Kh3 Qxb7 31. Rxb7 c4 32. Bd2 Reb8 33. Re7 Re8 34. Rb7 Rab8 35. Rxa7 Ra8 36. Rb7 Reb8 37. Re7 Rxa2 38. Bc3 Rg8 39. Re6 Rc2 40.
Rxh6# 1-0

[Event "*** Titled Tuesday 3|2 Blitz"]
[Site "Chess.com"]
[Date "2015.12.01"]
[Round "5"]
[White "Aygehovit1992"]
[Black "AvitalBor"]
[Result "1-0"]
[WhiteElo "2444"]
[BlackElo "2335"]
[TimeControl "180+2"]
[EndTime "12:01:08 PST"]
[Termination "Aygehovit1992 won on time"]

1. e4 c5 2. Nf3 d6 3. d4 cxd4 4.
Nxd4 a6 5. Nc3 Nf6 6. h3 e5 7. Nb3 Be6 8. f4 Be7 9. Qe2 b5 10. Be3 Nc6 11. O-O-O b4 12. Nd5 Bxd5 13. exd5 Na5 14.
fxe5 Nxb3+ 15. axb3 dxe5 16. d6 Qa5 17. dxe7 Qa1+ 18.
Kd2 Qxb2 19. Ke1 Ne4 20. Qd3 Qc3+ 21. Qxc3 Nxc3 22. Rd8+ Kxe7 23. Rxh8 Rxh8 24. Bc5+ Kf6 25. Bxb4 Nd5 26. Bd2 Rc8 27. Bd3 g6 28. Rf1+ Ke7 29.
c4 Nc7 30. Bg5+ Ke6 31. Rf6+ 1-0

[Event "*** Titled Tuesday 3|2 Blitz"]
[Site "Chess.com"]
[Date "2015.12.01"]
[Round "5"]
[White "Saitama_Hero"]
[Black "Grootneus"]
[Result "0-1"]
[WhiteElo "2123"]
[BlackElo "2028"]
[TimeControl "180+2"]
[EndTime "12:01:24 PST"]
[Termination "Grootneus won by resignation"]

1. d4 Nf6 2. c4 c5 3. d5 b5 4. cxb5 a6 5. b6 e6 6. Nc3 Nxd5 7.
Nxd5 exd5 8. Qxd5 Nc6 9. e4 Be7 10. Bc4 O-O 11. Nf3 Rb8 12. O-O Rxb6 13. Qh5 d6 14. Rd1 Be6 15. Bxe6 fxe6 16. Qg4 e5 17. Bh6 Rf7 18. Rd5 Rxb2 19. Ng5 Bxg5 20. Bxg5 Qd7 21.
Qg3 Nd4 22. Kh1 Rfxf2 23. Qxe5 dxe5 24. Rxd7 Rxg2 25. Rd8+ Kf7 26. Rf1+ Kg6 0-1

[Event "*** Titled Tuesday 3|2 Blitz"]
[Site "Chess.com"]
[Date "2015.12.01"]
[Round "5"]
[White "UltimateCrusher2"]
[Black "AnimationDomination"]
[Result "1-0"]
[WhiteElo "2032"]
[BlackElo "1748"]
[TimeControl "180+2"]
[EndTime "12:01:24 PST"]
[Termination "UltimateCrusher2 won by checkmate"]

1. g3 c5 2. Bg2 e6 3. Nf3 d5 4. O-O Nf6 5. d3 Nc6 6. Nbd2 Bd7 7. e4 Be7 8. e5 Ng8 9. Re1 Qc7 10. c3 Nh6 11. a3 Ng4 12. d4 cxd4 13. cxd4 O-O 14.
h3 Nh6 15. b4 Nf5 16. Bb2 g6 17. Nb3 Rac8 18. Rc1 Qb8 19. Rf1 a6 20. Qd2 b5 21.
g4 Ng7 22. Ng5 Rc7 23. f4 Na7 24. Nc5 Bxc5 25. dxc5 Bc6 26. Nf3 Qd8 27. Nd4 Rd7 28.
f5 exf5 29. gxf5 Re8 30. e6 fxe6 31. Nxe6 Nxe6 32. fxe6 Rxe6 33. Qd4 h5 34. Qh8# 1-0

[Event "*** Titled Tuesday 3|2 Blitz"]
[Site "Chess.com"]
[Date "2015.12.01"]
[Round "5"]
[White "Boryboy"]
[Black "FabianEnglert"]
[Result "1-0"]
[WhiteElo "2518"]
[BlackElo "2304"]
[TimeControl "180+2"]
[EndTime "12:01:35 PST"]
[Termination "Boryboy won by resignation"]

1. d4 d5 2. Nf3 e6 3. c4 dxc4 4. g3 b5 5. Bg2 Bb7 6. O-O Nf6 7. a4 a6 8. b3 cxb3 9. Qxb3 b4 10. a5 Bd5 11. Qa4+ Qd7 12. Qc2 Qc6 13. Qb2 Nbd7 14. Bd2 Qb7 15. Rc1 Bd6 16. Be3 h6 17.
Nbd2 Ng4 18. Bf4 Bxf4 19. gxf4 O-O 20. e4 Bc6 21. Rc4 Rab8 22. Rac1 Bxe4 23. Nxe4 Qxe4 24. Ne5 Qxf4 25. Nxd7 Qxh2+ 26. Kf1 Qf4 27. Qe2 b3 28.
Nxf8 b2 29. Rb1 Kxf8 30. Rc3 Qxd4 31. Rd3 Qa4 32. Qd2 Qc4 33. Kg1 Rb6 1-0

[Event "*** Titled Tuesday 3|2 Blitz"]
[Site "Chess.com"]
[Date "2015.12.01"]
[Round "5"]
[White "VSERGUEI"]
[Black "olomi007"]
[Result "0-1"]
[WhiteElo "2438"]
[BlackElo "2437"]
[TimeControl "180+2"]
[EndTime "12:02:01 PST"]
[Termination "olomi007 won on time"]

1. d4 Nf6 2. c4 d6 3. Nc3 e5 4.
Nf3 Nbd7 5. e4 g6 6. Be2 Bg7 7. O-O O-O 8. Re1 Re8 9. Bf1 a6 10. a3 exd4 11. Nxd4 Nc5 12. f3 a5 13. b3 c6 14. Rb1 d5 15. cxd5 cxd5 16. e5 Nfd7 17. f4 f6 18. e6 Nf8 19. Bb5 Re7 20. f5 gxf5 21. b4 Ne4 22. Bb2 Bxe6 23. Nxe6 Rxe6 24. Qxd5 Qb6+ 25. Kh1 Nf2+ 26. Kg1 Nh3+ 27. Kh1 Qg1+ 0-1

[Event "*** Titled Tuesday 3|2 Blitz"]
[Site "Chess.com"]
[Date "2015.12.01"]
[Round "5"]
[White "jefferyx"]
[Black "LyonBeast"]
[Result "0-1"]
[WhiteElo "2565"]
[BlackElo "2730"]
[TimeControl "180+2"]
[EndTime "12:02:08 PST"]
[Termination "LyonBeast won by resignation"]

1. b4 e5 2. a3 g6 3. Bb2 Bg7 4. e3 d6 5. Bc4 Ne7 6. Ne2 O-O 7.
O-O c6 8. f4 Nd7 9. Bb3 a5 10. c4 b6 11. Nbc3 Bb7 12. Ne4 Qc7 13. Rc1 axb4 14. axb4 c5 15. N2c3 cxb4 16. Nb5 Qc6 17.
Nbxd6 Nc5 18. Bc2 Ra2 19. Bxe5 Bxe5 20. fxe5 Rxc2 21. Qxc2 Nxe4 22. Nxb7 Qxb7 23. Rb1 Rd8 24. d4 Nf5 25. Rf3 Ra8 26. d5 Nc3 27. Rxb4 Ra1+ 28.
Kf2 Ra2 29. Qxa2 Nxa2 30. Rb3 Qc7 31. Rf4 Qxe5 32. Kf3 Nc1 33. Ra3 Qb2 34. Ra8+ Kg7 0-1

[Event "*** Titled Tuesday 3|2 Blitz"]
[Site "Chess.com"]
[Date "2015.12.01"]
[Round "5"]
[White "DeviatkinAndrey"]
[Black "Rikikits"]
[Result "1/2-1/2"]
[WhiteElo "2510"]
[BlackElo "2576"]
[TimeControl "180+2"]
[EndTime "12:02:21 PST"]
[Termination "Game drawn by agreement"]

1. d4 Nf6 2. Nf3 e6 3. Bg5 c5 4.
e3 Nc6 5. Nbd2 h6 6. Bxf6 Qxf6 7. Ne4 Qd8 8. dxc5 Bxc5 9. c3 Be7 10. Nd6+ Bxd6 11. Qxd6 Qe7 12. O-O-O Qxd6 13. Rxd6 Ke7 14. Rd2 d5 15. Bd3 Bd7 16. e4 dxe4 17. Bxe4 Rhd8 18.
Rhd1 Be8 19. Rxd8 Rxd8 20. Rxd8 Nxd8 21. h4 f5 22. Bd3 Kf6 23. Nd4 g5 24. hxg5+ hxg5 25. Kd2 Nc6 26. g3 Ne5 27. Be2 f4 28. gxf4 gxf4 29.
c4 Nc6 30. Nxc6 Bxc6 31. b4 b6 32. Kc3 Ke5 33. Bd3 Kd6 34. Bg6 e5 35. Kd3 Bg2 36. Be4 Bf1+ 37. Kc3 Be2 38. a3 Bf1 39. Kb3 Be2 40.
Kc3 Bf1 41. Kb3 Bh3 42. Kc3 Be6 43. Kd3 Bf7 44. Kc3 Bh5 45. Kd3 1/2-1/2

[Event "*** Titled Tuesday 3|2 Blitz"]
[Site "Chess.com"]
[Date "2015.12.01"]
[Round "5"]
[White "spectralsoul"]
[Black "GMharikrishna"]
[Result "1-0"]
[WhiteElo "2494"]
[BlackElo "2518"]
[TimeControl "180+2"]
[EndTime "12:02:22 PST"]
[Termination "spectralsoul won on time"]

1. Nf3 Nf6 2. c4 b6 3. g3 c5 4.
Bg2 Bb7 5. O-O g6 6. d4 cxd4 7. Qxd4 Bg7 8. Nc3 d6 9. Rd1 Nbd7 10. Rb1 Rc8 11. b3 O-O 12. Qh4 Rc5 13. g4 h5 14. g5 Nh7 15. Bd2 Bxf3 16. Bxf3 Bxc3 17. Bxc3 Nxg5 18. Bg2 Nh7 19. Bd4 Rg5 20. f4 Rg4 21. Qf2 e5 22. fxe5 Ng5 23. Kh1 Ne6 24. Ba1 dxe5 25.
Bxe5 Qg5 26. Bd6 Rd8 27. h3 Nf6 28. h4 Rxh4+ 29. Kg1 1-0